 Dungeon Crawl Stone Soup version 0.30-a0-385-gfebfb9b408 (webtiles) character file.

Game seed: 11437360392920484045

1647 p00ps00p the Chopper (level 9, -14/77 (79) HPs)
             Began as a Hill Orc Fighter on Dec 3, 2022.
             Was an Initiate of Gozag.
             Demolished by a large abomination (30 damage)
             ... on level 1 of the Abyss.
             The game lasted 00:10:45 (6177 turns).

p00ps00p the Chopper (Hill Orc Fighter)             Turns: 6177, Time: 00:10:46

HP:   -14/77 (79)   AC: 19    Str: 23    XL:     9   Next: 0%
MP:   9/9           EV:  7    Int:  8    God:    Gozag
Gold: 167           SH:  5    Dex: 10    Spells: 8/8 levels left

rFire   . . .      SeeInvis .    a - +0 war axe
rCold   . . .      Faith    .    c - +0 buckler
rNeg    . . .      Spirit   .    x - +3 chain mail {rPois}
rPois   +          Reflect  .    (no helmet)
rElec   .          Harm     .    s - +0 cloak
rCorr   .          Rampage  +    e - +0 pair of gloves
Will    .....                    b - +2 pair of boots {rampage}
Stlth   ..........               l - amulet of magic regeneration
HPRegen 0.32/turn                (no ring)
MPRegen 0.51/turn                (no ring)

@: mighty, lightly drained
A: no potion heal 1
a: Renounce Religion, Potion Petition, Call Merchant, Bribe Branch


You were on level 1 of the Abyss.
You worshipped Gozag.
Gozag was aware of your devotion.
You visited 2 branches of the dungeon, and saw 7 of its levels.
You visited the Abyss 1 time.

You collected 433 gold pieces.
You spent 202 gold pieces at shops.
You paid 64 gold pieces to Gozag.

Inventory:

Hand Weapons
 a - a +0 war axe (weapon)
Armour
 b - a +2 pair of boots of rampaging (worn)
 c - a +0 buckler (worn)
 e - a +0 pair of gloves (worn)
 s - a +0 cloak (worn)
 x - a +3 chain mail of poison resistance (worn)
Jewellery
 l - an amulet of magic regeneration (around neck)
Wands
 k - a wand of flame (15)
 p - a wand of quicksilver (6)
Scrolls
 f - 2 scrolls of fear
 h - a scroll of poison
 i - a scroll of identify
 m - a scroll of magic mapping
 u - a scroll of amnesia
Potions
 d - 3 potions of flight {unknown}
 g - a potion of berserk rage {unknown}
 j - 4 potions of degeneration {unknown}
 n - 6 potions of curing {unknown}
 o - 3 potions of mutation {unknown}
 q - 2 potions of magic {unknown}
 r - a potion of lignification {unknown}
 t - a potion of ambrosia {unknown}


   Skills:
 + Level 7.5 Fighting
 + Level 7.7 Axes
 + Level 6.8 Armour
 + Level 6.9 Shields


You had 8 spell levels left.
You didn't know any spells.
Your spell library contained the following spells:

 Spells                   Type           Power      Damage    Failure   Level
 Beastly Appendage        Tmut           0%         N/A       98%         1
 Sublimation of Blood     Necr           0%         N/A       99%         2
 Wereblood                Tmut           0%         N/A       99%         2
 Dazzling Flash           Conj/Hex       0%         N/A       100%        3
 Inner Flame              Hex/Fire       0%         N/A       100%        3
 Ozocubu's Armour         Ice            0%         N/A       100%        3
 Spider Form              Tmut/Pois      0%         N/A       100%        3
 Stone Arrow              Conj/Erth      0%         3d7       100%        3
 Animate Armour           Summ/Erth      0%         N/A       100%        4
 Cause Fear               Hex            0%         N/A       100%        4
 Agony                    Necr           0%         N/A       100%        5
 Blade Hands              Tmut           0%         N/A       100%        5
 Irradiate                Conj/Tmut      0%         3d11      100%        5
 Metabolic Englaciation   Hex/Ice        0%         N/A       100%        5
 Silence                  Hex/Air        0%         N/A       100%        5
 Dragon Form              Tmut           0%         N/A       100%        7
 Summon Hydra             Summ           0%         N/A       100%        7
 Discord                  Hex            0%         N/A       100%        8
 Lehudib's Crystal Spear  Conj/Erth      0%         10d2      100%        8
 Simulacrum               Ice/Necr       Unusable   N/A       N/A         6

Dungeon Overview and Level Annotations

Branches:
Dungeon (6/15)             Temple (1/1) D:4

Altars:
Ashenzari
Cheibriados
Elyvilon
Fedhas
Gozag
Hepliaklqana
Kikubaaqudgha
Makhleb
Nemelex Xobeh
Qazlal
Sif Muna
Trog
Uskayaw
Vehumet
Wu Jian
Xom
Yredelemnul
Zin

Shops:
D:1 *   D:5 [


Innate Abilities, Weirdness & Mutations

Potions are less effective at restoring your health.


Message History

You feel yourself speed up. The gnoll hits you with a +0 flail.
* * * LOW HITPOINT WARNING * * *
You block the gnoll bouda's attack.
The wight hits you from afar with a +3 spear.
* * * LOW HITPOINT WARNING * * *
The wight hits you from afar with a +0 spear of pain.
* * * LOW HITPOINT WARNING * * *
The gnoll closely misses you.
You feel very mighty all of a sudden. The gnoll hits you but does no damage.
The gnoll bouda hits you with a +0 whip!
* * * LOW HITPOINT WARNING * * *
The wight hits you but does no damage.
The wight hits you from afar with a +0 spear of pain.
* * * LOW HITPOINT WARNING * * *
You feel drained. You block the wight's attack.
The gnoll hits you but does no damage.
You are cast into the Abyss!
This branch contains the abyssal rune of Zot.
You start resting.
A large abomination assembles itself!
A large abomination is nearby!
Your extra speed is starting to run out.
Found a corrupted altar of Lugonu.
You feel yourself slow down.
There is a corrupted altar of Lugonu here.
A neqoxec comes into view.
The neqoxec shouts!
The neqoxec gestures at you.
Strange energies course through your body.
Your system partially rejects the healing effects of potions.
The neqoxec hits you but does no damage.
You barely miss the neqoxec. The neqoxec hits you.
* * * LOW HITPOINT WARNING * * *
You slice the neqoxec!!
The neqoxec is severely wounded.
You hit the large abomination but do no damage.
You block the neqoxec's attack. The large abomination hits you!!
You die...
Your body crumbles into a pile of gold.

. #......#..#...#
###..##.#.......#
.#..##... .#....
#...##..#.#..# .
#.#.#..###.... #
#.......#..#. . .
..........## .#.
.......#.3X.##..#
.. ##.#.#@....#
.# .....###....#
....#. .....#
..#.... ......
#... # ##..## ##
#... #..


You could see a large abomination and a neqoxec.

Vanquished Creatures
  Grinder (D:5)
  Edmund (D:5)
  Duvessa (D:4)
  3 black bears
  A phantom (D:4)
  Blork the orc (D:4)
  2 scorpions
  Dowan (D:4)
  Crazy Yiuf (D:4)
  4 hounds
  2 orc priests (D:4)
  3 jellies
  2 iguanas (D:5)
  4 orc wizards
  5 gnolls
  8 adders
  2 ufetubi
  4 dart slugs
  11 orcs
  3 ball pythons
  6 endoplasms
  2 giant cockroaches (D:2)
  9 goblins
  6 hobgoblins
  6 jackals
  5 kobolds
  A quokka (D:1)
  7 bats
  A frilled lizard (D:2)
  7 rats
110 creatures vanquished.

Vanquished Creatures (others)
  An endoplasm (D:4)
1 creature vanquished.

Grand Total: 111 creatures vanquished

Notes
Turn   | Place    | Note
-------+----------+-------------------------------------------
     0 | D:1      | p00ps00p the Hill Orc Fighter began the quest for the Orb.
     0 | D:1      | Reached XP level 1. HP: 19/19 MP: 1/1
    51 | D:1      | Found Oxuirhuc's Assorted Antiques.
   331 | D:1      | Reached XP level 2. HP: 27/27 MP: 2/2
   629 | D:1      | Reached XP level 3. HP: 33/33 MP: 3/3
  1245 | D:2      | Reached XP level 4. HP: 25/40 MP: 4/4
  1364 | D:2      | Found a shimmering altar of Xom.
  1771 | D:2      | Reached XP level 5. HP: 47/47 MP: 5/5
  2597 | D:4      | Found a white marble altar of Elyvilon.
  2672 | D:4      | Reached skill level 5 in Fighting
  2743 | D:4      | Noticed Blork the orc
  3270 | D:4      | Reached XP level 6. HP: 46/56 MP: 6/6
  3578 | D:4      | Reached skill level 5 in Axes
  3631 | D:4      | Reached skill level 5 in Armour
  3631 | D:4      | Reached skill level 5 in Shields
  3631 | D:4      | Reached XP level 7. HP: 31/61 MP: 7/7
  3743 | D:4      | Found a radiant altar of Vehumet.
  3753 | D:4      | Found an ornate altar of the Wu Jian Council.
  3775 | D:4      | Killed Blork the orc
  3855 | D:4      | Found a staircase to the Ecumenical Temple.
  3874 | Temple   | Entered the Ecumenical Temple
  3881 | Temple   | Became a worshipper of Gozag Ym Sagoz the Greedy
  3915 | D:4      | Noticed Dowan
  3917 | D:4      | Noticed Duvessa
  3925 | D:4      | Killed Dowan
  3933 | D:4      | HP: 2/63 [Duvessa/+0 short sword (12)]
  3934 | D:4      | Killed Duvessa
  4330 | D:4      | Found a runed translucent door.
  4331 | D:4      | Noticed Crazy Yiuf
  4606 | D:4      | Killed Crazy Yiuf
  4692 | D:5      | Entered Level 5 of the Dungeon
  4733 | D:5      | Reached XP level 8. HP: 71/71 MP: 8/8
  5151 | D:5      | Noticed Grinder
  5156 | D:5      | Paralysed by Grinder for 3 turns
  5164 | D:5      | Paralysed by Grinder for 3 turns
  5170 | D:5      | Killed Grinder
  5394 | D:5      | Found Nitun's Antique Armour Shoppe.
  5394 | D:5      | Noticed Edmund
  5423 | D:5      | Killed Edmund
  5564 | D:5      | Bought a pair of runed boots for 202 gold pieces
  6108 | D:6      | Reached XP level 9. HP: 44/78 MP: 9/9
  6111 | D:6      | HP: 2/78 [wight/+0 spear of pain (2)]
  6111 | Abyss:1  | Cast into level 1 of the Abyss (gnoll)
  6153 | Abyss:1  | Found a corrupted altar of Lugonu.
  6171 | Abyss:1  | Gained mutation: Potions are less effective at restoring
                  | your health. [a neqoxec]
  6177 | Abyss:1  | Demolished by a large abomination

Illustrated notes

Levels and vault maps discovered:
D:1:      dpeg_arrival_three_same_balls, layout_basic, serial_shops,
          nicolae_shop_temple_entry_statues_fountains
D:2:      layout_basic, basic_altar, minmay_goblin_kobold_house
D:3:      layout_rooms
D:4:      nicolae_cairo_tiling_large_dashed, layout_gridville,
          mainiacjoe_overflow_paths, kennysheep_little_box,
          vehumet_altar_wand_db, minmay_temple_entry_glass, uniq_blork_the_orc,
          uniq_crazy_yiuf_cottage, uniq_duvessa
D:5:      layout_loops_corners, serial_shops, nicolae_shop_stone, uniq_edmund,
          uniq_grinder
D:6:      layout_rooms, mainiacjoe_overflow_24_doors, dk_noncrumbling_3,
          chequers_serial_rivers_room_b
Temple:   minmay_freezing_vapour_temple
Abyss:1:  base:
D:1

Skill      XL: |  1  2  3  4  5  6  7  8 |
---------------+-------------------------+-----
Axes           | 3 4 5 6 7 |  7.7
Fighting       | 4 5 6 7 |  7.5
Armour         | 4 5 6 |  6.8
Shields        | 4 5 6 |  6.9

Action                   |  1- 3 |  4- 6 |  7- 9 || total
-------------------------+-------+-------+-------++-------
Melee: War axe           |    46 |   178 |   164 ||   388
Evoke: Wand              |       |       |     3 ||     3
  Use: Scroll            |     8 |     3 |     1 ||    12
       Potion            |     3 |       |     2 ||     5
 Stab: Distracted        |       |       |     1 ||     1
Armor: Scale mail        |    13 |       |       ||    13
       Plate armour      |    23 |   162 |    83 ||   268
       Chain mail        |       |       |    45 ||    45
Dodge: Dodged            |    30 |    55 |    57 ||   142
Block: Buckler           |    17 |    51 |    48 ||   116

Table legend: (Time is in decaauts)
 A = Elapsed time spent in this place.
 B = Non-inter-level travel time spent in this place.
 C = Inter-level travel time spent in this place.
 D = Time resting spent in this place.
 E = Time spent auto-exploring this place.
 F = Levels seen in this place.
 G = Mean time per level.
                   A        B        C        D        E       F      G
               +--------+--------+--------+--------+--------+-----+--------+
         Total |   6232 |   6038 |    194 |   1180 |   3541 |   8 |  779.0 |
       Dungeon |   6168 |   5979 |    189 |   1156 |   3541 |   6 | 1028.0 |
        Temple |     12 |      7 |      5 |      0 |      0 |   1 |   12.0 |
         Abyss |     51 |     51 |      0 |     24 |      0 |   1 |   51.0 |
               +--------+--------+--------+--------+--------+-----+--------+

Top non-repeatable levels by time:
     D:4: 1706 daAuts
     D:5: 1343 daAuts
     D:2: 1055 daAuts
     D:3: 1035 daAuts
     D:1: 928 daAuts
     D:6: 99 daAuts
 Abyss:1: 51 daAuts
  Temple: 12 daAuts
